 Dungeon Crawl Stone Soup version 0.21-a0-583-g2c32b0f (webtiles) character file.

221 Exaltedone87 the Skirmisher (level 5, 0/48 HPs)
             Began as a Draconian Berserker on Dec 20, 2017.
             Was a Priest of Trog.
             Slain by an orc
             ... wielding a +0 short sword
              (3 damage)
             ... on level 3 of the Dungeon.
             The game lasted 00:03:05 (2058 turns).

Exaltedone87 the Skirmisher (Draconian Berserker)   Turns: 2058, Time: 00:03:06

Health: 0/48       AC:  5    Str: 21    XL:     5   Next: 65%
Magic:  5/5        EV: 13    Int:  7    God:    Trog [***...]
Gold:   104        SH:  0    Dex: 10    Spells: 4/4 levels left

rFire    . . .     SeeInvis .   a - +0 hand axe
rCold    . . .     Gourm    .   (no shield)
rNeg     . . .     Faith    .   (armour unavailable)
rPois    .         Spirit   .   (helmet restricted)
rElec    .         Reflect  .   (no cloak)
rCorr    .         Harm     .   (no gloves)
MR       .....                  (no boots)
Stlth    +.........             (no amulet)
HPRegen  0.16/turn              (no ring)
MPRegen  0.09/turn              (no ring)

@: berserk cooldown, starving
A: unfitting armour, cold-blooded, AC +5
a: Berserk, Trog's Hand, Burn Spellbooks, Renounce Religion


You were on level 3 of the Dungeon.
You worshipped Trog.
Trog was most pleased with you.
You were starving.

You visited 1 branch of the dungeon, and saw 3 of its levels.

You collected 104 gold pieces.

Inventory:

Hand Weapons
 a - a +0 hand axe (weapon)
Scrolls
 c - a scroll of teleportation
 d - a scroll of identify
Potions
 f - a potion of brilliance
 g - a potion of ambrosia
 h - a potion of flight
 l - a potion of might
 m - a potion of curing
Comestibles
 b - 5 rations


   Skills:
 * Level 5.5 Fighting
 + Level 4.0 Axes
 + Level 3.7 Dodging


You had 4 spell levels left.
You didn't know any spells.

Dungeon Overview and Level Annotations

Branches:
Dungeon (3/15)

Altars:


Innate Abilities, Weirdness & Mutations

Your plain brown scales are hard. (AC +5)
You cannot fit into any form of body armour.
You are cold-blooded and may be slowed by cold attacks.


Message History

You hit the kobold but do no damage. The kobold hits you but does no damage.
The orc hits you with a short sword.
* * * LOW HITPOINT WARNING * * *
The kobold barely misses you. The orc hits you with a short sword.
* * * LOW HITPOINT WARNING * * *
You closely miss the orc.
Your tail-slap misses the orc.
The orc is moderately wounded.
You barely miss the kobold. The kobold barely misses you.
The orc hits you with a short sword.
* * * LOW HITPOINT WARNING * * *
The kobold hits you but does no damage.
You're still recovering from your berserk rage.
You're too hungry.
You hit the orc but do no damage.
The orc is moderately wounded.
You closely miss the kobold.
You feel yourself speed up. The orc closely misses you.
The kobold barely misses you. The orc hits you with a short sword.
You die...

#........#....#†######...
#.##.###.######......#...
#.##.# #.......... #.##.###
#......##..
####.##.....######......#
...<.#####..........)...###
...### .................#
... ......)K.......#.# ...
......o@..#..#.#.# ...
......))###..### # ...
....##### ...8. ... ..#
...P.. #.. . ........
#######+#


You could see an orc and a kobold.

Vanquished Creatures
  An ogre (D:3)
  An orc priest (D:3)
  3 adders (D:2)
  4 worms (D:2)
  2 dart slugs
  A leopard gecko (D:2)
  4 orcs (D:3)
  9 bats
  2 giant cockroaches
  6 goblins
  6 hobgoblins
  3 jackals (D:1)
  A quokka (D:2)
  3 frilled lizards
  8 kobolds
  6 rats
60 creatures vanquished.

Notes
Turn   | Place    | Note
-------+----------+-------------------------------------------
     0 | D:1      | Exaltedone87 the Draconian Berserker began the quest for the Orb.
     0 | D:1      | Reached XP level 1. HP: 19/19 MP: 1/1
   111 | D:1      | Reached XP level 2. HP: 25/27 MP: 2/2
   398 | D:1      | Reached ** piety under Trog
   476 | D:1      | Reached skill level 4 in Fighting
   874 | D:2      | Reached XP level 3. HP: 33/33 MP: 3/3
  1472 | D:2      | Reached XP level 4. HP: 39/41 MP: 4/4
  2003 | D:3      | Reached *** piety under Trog
  2027 | D:3      | Noticed an ogre
  2035 | D:3      | Killed an ogre
  2035 | D:3      | Reached skill level 5 in Fighting
  2035 | D:3      | Reached XP level 5. HP: 42/48 MP: 5/5
  2058 | D:3      | Slain by an orc

Vault maps used:
D:1:      elethiomel_arrival_diamonds
D:2:      kennysheep_generic_room_4
D:3:      yredelemnul_forgotten_temple_becter, chequers_ecumenical_altar_lobes

Skill      XL: |  1  2  3  4  5 |
---------------+----------------+-----
Fighting       | 4 5 |  5.5
Dodging        | 3 |  3.7
Axes           | 4 |  4.0

Action                   |  1- 3 |  4- 6 || total
-------------------------+-------+-------++-------
Melee: Hand axe          |   113 |    63 ||   176
       Tailslap          |    15 |    12 ||    27
Invok: Berserk           |       |     1 ||     1
       Trog's Hand       |       |     1 ||     1
  Use: Scroll            |       |    10 ||    10
 Stab: Sleeping          |       |     1 ||     1
  Eat: Chunk             |     2 |     1 ||     3
Armor: Skin              |    31 |    25 ||    56
Dodge: Dodged            |    76 |    56 ||   132

Table legend:
 A = Spawn XP
 B = Non-spawn XP
 C = Spawn XP percentage of total XP
 D = Spawn monster count
 E = Non-spawn monster count
 F = Spawn count percentage of total count
 G = Total turns spent on level
                    A         B        C        D         E        F      G
               +---------+---------+-------+---------+---------+-------+---------
         Total |       0 |     316 |   0.0 |       0 |      60 |   0.0 |  2058
               +---------+---------+-------+---------+---------+-------+---------
           D:1 |       0 |      39 |   0.0 |       0 |      24 |   0.0 |   871
           D:2 |       0 |      99 |   0.0 |       0 |      26 |   0.0 |  1110
           D:3 |       0 |     178 |   0.0 |       0 |      10 |   0.0 |    77
               +---------+---------+-------+---------+---------+-------+---------
